 Dungeon Crawl Stone Soup version 0.25-a0-516-g7d600cd9ad (webtiles) character file.

Game seed: 16366213194055862120, levelgen mode: deterministic

32 Forecaster the Magician (level 3, -5/30 HPs)
             Began as a Naga Wizard on Feb 17, 2020.
             Slain by a worm (9 damage)
             ... on level 2 of the Dungeon.
             The game lasted 00:06:06 (1332 turns).

Forecaster the Magician (Naga Wizard)               Turns: 1332, Time: 00:06:06

Health: -5/30      AC:  3    Str:  9    XL:     3   Next: 27%
Magic:  3/8        EV:  8    Int: 19    God:
Gold:   10         SH:  0    Dex:  9    Spells: 8/9 levels left

rFire    . . .     SeeInvis +   o - -3 hand axe (curse)
rCold    . . .     Gourm    .   (no shield)
rNeg     . . .     Faith    .   e - +0 ring mail
rPois    +         Spirit   .   b - +0 hat
rElec    .         Reflect  .   (no cloak)
rCorr    .         Harm     .   (no gloves)
MR       .....                  (no barding)
Stlth    +.........             (no amulet)
HPRegen  0.10/turn              (no ring)
MPRegen  0.11/turn              (no ring)

@: very slow
A: large, see invisible, deformed body, poison resistance, slowness 2, slow
metabolism 1, spit poison 1, AC +1
a: Spit Poison


You were on level 2 of the Dungeon.
You were hungry.

You visited 1 branch of the dungeon, and saw 2 of its levels.

You collected 10 gold pieces.

Inventory:

Hand Weapons
 c - a +0 club
 i - a +0 mace
 o - a cursed -3 hand axe (weapon)
Missiles
 f - 41 stones (quivered)
 j - 7 boomerangs
 l - 19 arrows
Armour
 a - a +0 robe
 b - a +0 hat (worn)
 e - a +0 ring mail (worn)
Potions
 g - a potion of degeneration {unknown}
 h - a potion of magic {unknown}
 k - a potion of mutation {unknown}
 n - a potion of heal wounds {unknown}
Comestibles
 d - 5 rations
 p - a chunk of flesh


   Skills:
 + Level 0.5 Fighting
 + Level 0.3 Armour
 + Level 2.0 Dodging
 + Level 3.1 Stealth
 + Level 3.6 Spellcasting
 + Level 1.0 Conjurations
   Level 1.0 Summonings
   Level 1.0 Translocations


You had 8 spell levels left.
You knew the following spells:

 Your Spells              Type           Power        Failure   Level  Hunger
a - Magic Dart            Conj           #...         26%         1    None

Your spell library contained the following spells:

 Spells                   Type           Power        Failure   Level  Hunger
 Blink                    Tloc           N/A          36%         2    ##.....
 Call Imp                 Summ           #.......     36%         2    ##.....
 Slow                     Hex            #.......     52%         2    ##.....
 Conjure Flame            Conj/Fire      #.......     67%         3    ###....
 Mephitic Cloud           Conj/Pois/Air  #.......     71%         3    ###....


Dungeon Overview and Level Annotations

Branches:
Dungeon (2/15)

Altars:


Innate Abilities, Weirdness & Mutations

You cannot wear boots.
Your serpentine skin is tough. (AC +1)
You have supernaturally acute eyesight. (SInv)
Armour fits poorly on your strangely shaped body.
Your system is resistant to poisons. (rPois)
You cover ground very slowly.
You have a slow metabolism.
You can spit poison.


Message History

a +0 club; 2 sapphire potions; a hobgoblin corpse You hit the worm.
The worm is lightly wounded.
The worm bites you.
You hit the worm but do no damage.
Your magical contamination has completely faded away.
You barely miss the worm. The worm bites you!
* * * LOW HITPOINT WARNING * * *
You hit the worm.
The worm is moderately wounded.
The worm bites you but does no damage.
Casting: Magic Dart (safe; 26% risk of failure)
Confirm with . or Enter, or press ? or * to list all spells.
Aiming: Magic Dart (safe; 26% risk of failure)
Press: ? - help, Shift-Dir - straight line, f - worm
Aim: a worm (moderately wounded)
The magic dart hits the worm but does no damage.
The worm is moderately wounded.
The worm bites you!
You die...

# ### . ..# .#
#.# .#
#.######.##
#.##......####
#....#.......(
#.†..#<...####
#@.#####......
.......w...#
.#####
.######....# #
##....(
#...##.. #.#.#
# ..... ###.##


You could see a worm.

Vanquished Creatures
  An ooze (D:1)
  3 dart slugs (D:1)
  2 leopard geckos
  A giant cockroach (D:1)
  3 goblins (D:1)
  5 hobgoblins
  2 bats (D:1)
  2 frilled lizards (D:1)
  A rat (D:1)
20 creatures vanquished.

Notes
Turn   | Place    | Note
-------+----------+-------------------------------------------
     0 | D:1      | Forecaster the Naga Wizard began the quest for the Orb.
     0 | D:1      | Reached XP level 1. HP: 15/15 MP: 4/4
   178 | D:1      | Reached XP level 2. HP: 7/22 MP: 3/6
   999 | D:1      | Reached XP level 3. HP: 12/28 MP: 0/8
  1332 | D:2      | Slain by a worm

Levels and vault maps discovered:
D:1:      heliophobic_arrival_henge, layout_basic
D:2:      layout_loops_ring, minmay_heptomino_o4

Skill      XL: |  1  2  3 |
---------------+----------+-----
Dodging        | 2 |  2.0
Fighting       | |  0.5
Armour         | |  0.3
Stealth        | |  3.1
Spellcasting   | |  3.6
Conjurations   | |  1.0
Summonings     | |  1.0
Translocations | |  1.0

Action                   || total
-------------------------++-------
Melee: Club              ||    30
       Mace              ||    18
       Hand axe          ||    17
 Cast: Magic Dart        ||    39
  Use: Scroll            ||     1
 Stab: Sleeping          ||     2
Armor: Robe              ||     2
       Ring mail         ||    23
Dodge: Dodged            ||    46

Table legend:
 A = Non-vault XP
 B = Vault XP
 C = Vault XP percentage of total XP
 D = Non-vault monster count
 E = Vault monster count
 F = Vault count percentage of total count
                 A         B        C        D         E       F
            +---------+---------+-------+---------+---------+-------
      Total |      47 |       0 |   0.0 |      20 |       0 |   0.0
            +---------+---------+-------+---------+---------+-------
        D:1 |      42 |       0 |   0.0 |      18 |       0 |   0.0
        D:2 |       5 |       0 |   0.0 |       2 |       0 |   0.0
            +---------+---------+-------+---------+---------+-------
